 Dungeon Crawl Stone Soup version 0.29.1-14-g9c671dbff4 (webtiles) character file.

Game seed: 13801036310812732909

5354 cdecastro the Severer (level 10, -5/93 HPs)
             Began as a Hill Orc Fighter on Feb 21, 2023.
             Was a Priest of Nemelex Xobeh.
             Slain by Urug
             ... wielding a +2 vampiric demon trident
              (19 damage)
             ... on level 10 of the Dungeon.
             The game lasted 00:15:04 (10340 turns).

cdecastro the Severer (Hill Orc Fighter)           Turns: 10340, Time: 00:15:04

Health: -5/93      AC: 13    Str: 24    XL:     10   Next: 65%
Magic:  13/13      EV: 12    Int:  8    God:    Nemelex Xobeh [***...]
Gold:   344        SH:  0    Dex: 10    Spells: 9/9 levels left

rFire   . . .      SeeInvis +   a - +0 war axe
rCold   . . .      Faith    .   (no shield)
rNeg    . . .      Spirit   .   O - +0 chain mail
rPois   .          Reflect  .   v - +0 helmet
rElec   .          Harm     .   l - +0 cloak
rCorr   .          Rampage  .   H - +0 pair of gloves
Will    .....                   (no boots)
Stlth   ..........              (no amulet)
HPRegen 0.25/turn               u - ring of see invisible
MPRegen 0.13/turn               N - +4 ring of evasion

@: mighty, invisible
A: no striking features
a: Renounce Religion, Draw Escape, Draw Destruction, Draw Summoning, Triple Draw


You were on level 10 of the Dungeon.
You worshipped Nemelex Xobeh.
Nemelex Xobeh was most pleased with you.
You visited 2 branches of the dungeon, and saw 11 of its levels.

You collected 552 gold pieces.
You spent 208 gold pieces at shops.

Inventory:

Hand Weapons
 a - a +0 war axe (weapon)
 b - a +2 sling of freezing
Missiles
 e - 37 poisoned darts (quivered)
 z - 4 javelins
 L - 5 boomerangs
 P - a curare-tipped dart
Armour
 c - a +0 buckler
 l - a +0 cloak (worn)
 n - a scarf of shadows
 v - a +0 helmet (worn)
 H - a +0 pair of gloves (worn)
 O - a +0 chain mail (worn)
Jewellery
 r - a ring of magical power
 u - a ring of see invisible (left hand)
 x - a +6 ring of dexterity
 y - a +6 ring of intelligence
 D - a ring of positive energy
 I - a ring of protection from cold
 N - a +4 ring of evasion (right hand)
 R - a ring of protection from cold
Wands
 p - a wand of mindburst (13)
 t - a wand of iceblast (11)
 J - a wand of digging (5)
 M - a wand of charming (20)
 Q - a wand of light (5)
Scrolls
 f - 2 scrolls of immolation {unknown}
 g - a scroll of noise {unknown}
 h - 2 scrolls of blinking {unknown}
 k - 4 scrolls of teleportation {unknown}
 o - 3 scrolls of poison {unknown}
 q - 2 scrolls of fear {unknown}
 E - 5 scrolls of identify {unknown}
 G - a scroll of amnesia {unknown}
Potions
 d - 3 potions of might
 i - 2 potions of mutation {unknown}
 j - 2 potions of curing
 m - 4 potions of flight {unknown}
 s - a potion of haste {unknown}
 w - a potion of brilliance {unknown}
 A - a potion of magic {unknown}
 B - 3 potions of cancellation {unknown}
 C - 2 potions of berserk rage {unknown}
 F - a potion of invisibility
 K - 2 potions of attraction {unknown}


   Skills:
 - Level 10.0 Fighting
 - Level 16.0 Axes
 + Level 5.0 Armour
 - Level 3.2 Shields
 - Level 5.0 Invocations


You had 9 spell levels left.
You didn't know any spells.
Your spell library contained the following spells:

 Spells                   Type           Power      Damage    Failure   Level
 Freeze                   Ice            0%         1d3       96%         1
 Magic Dart               Conj           0%         1d3       96%         1
 Necrotise                Necr           0%         1d4       96%         1
 Searing Ray              Conj           0%         2d4       99%         2
 Frozen Ramparts          Ice            0%         1d1       100%        3
 Ozocubu's Armour         Ice            0%         N/A       100%        3
 Vampiric Draining        Necr           0%         2d6       100%        3
 Animate Dead             Necr           0%         N/A       100%        4
 Cause Fear               Hex            0%         N/A       100%        4
 Fulminant Prism          Conj/Hex       0%         3d6       100%        4
 Hailstorm                Conj/Ice       0%         3d3       100%        4
 Agony                    Necr           0%         N/A       100%        5
 Freezing Cloud           Conj/Ice/Air   0%         6-21      100%        5
 Simulacrum               Ice/Necr       0%         N/A       100%        6
 Dragon Form              Tmut           0%         N/A       100%        7
 Haunt                    Necr/Summ      0%         N/A       100%        7
 Infestation              Necr           0%         N/A       100%        8
 Dragon's Call            Summ           0%         N/A       100%        9


Dungeon Overview and Level Annotations

Branches:
Dungeon (10/15)            Temple (1/1) D:7
   Lair: D:8-11         Orc: D:9-12

Altars:
Ashenzari
Cheibriados
Dithmenos
Elyvilon
Fedhas
Gozag
Hepliaklqana
Kikubaaqudgha
Makhleb
Nemelex Xobeh
Okawaru
Qazlal
Ru
Sif Muna
Trog
Uskayaw
Vehumet
Wu Jian
Yredelemnul
Zin
The Shining One

Shops:
D:5 !   D:6 :

Annotations:
D:9 Erolcha
D:10 Urug


Message History

You slash Urug!
Urug is lightly wounded.
Urug hits you with a +2 vampiric demon trident!
* * * LOW HITPOINT WARNING * * *
Urug draws strength from your wounds!
You barely miss Urug. Urug closely misses you.
You slash Urug!
Urug is lightly wounded.
You slash the centaur!
The centaur hits you but does no damage.
The centaur barely misses you. Urug barely misses you.
You barely miss Urug.
Urug is lightly wounded.
You slash the centaur!
You kill the centaur!
Your Armour skill increases to level 5!
You barely miss Urug.
Urug is lightly wounded.
Urug hits you but does no damage.
You strike the helpless Urug from behind!
You hit Urug.
Urug is moderately wounded.
Urug hits you with a +2 vampiric demon trident!!
* * * LOW HITPOINT WARNING * * *
Urug draws strength from your wounds!
You slice Urug!!
Urug is moderately wounded.
You closely miss Urug.
Urug is moderately wounded.
Urug hits you with a +2 vampiric demon trident!
* * * LOW HITPOINT WARNING * * *
Urug draws strength from your wounds!
You catch the helpless Urug completely off-guard!
You hit Urug.
Urug is moderately wounded.
Urug closely misses you.
You feel better.
Urug hits you with a +2 vampiric demon trident!!
You die...
Your body glows with a rainbow of weird colours and disappears.

+.....$.....+
#8.........8
#.......c.
#8.....8 #.....
#8.8 #)## .
#.@# .?..
#o#####.....
#>........#
#....#......
###....# .....
..... #......+
.... .....
##.....# ...
♣...
#......+......
♣...
#......#.......
♣...


You could see Urug (unable to see you).

Vanquished Creatures
  A quicksilver ooze (D:10)
  Joseph (D:9)
  2 trolls (D:10)
  3 wyverns
  A steam dragon (D:8)
  Menkaure (D:7)
  4 water moccasins
  An orc warrior (D:10)
  A sky beast (D:7)
  2 ice beasts
  3 centaurs
  3 kobold brigands
  4 necrophages
  4 scorpions
  2 bullfrogs
  9 wights
  2 howler monkeys
  2 hounds
  A jelly (D:6)
  A gnoll bouda (D:7)
  4 orc priests
  Ijyb (D:3)
  2 scorpion zombies (D:4)
  2 orc wizards
  A hound zombie (D:4)
  13 gnolls
  7 adders
  A shadow imp (D:6)
  A worm (D:3)
  3 dart slugs
  23 orcs
  9 ball pythons
  14 endoplasms
  5 giant cockroaches
  7 goblins
  6 hobgoblins
  6 jackals
  25 kobolds
  2 quokkas (D:4)
  5 bats
  3 frilled lizards
  11 rats
  5 bushes
204 creatures vanquished.

Vanquished Creatures (others)
  A bush (D:4)
  26 plants
  A withered plant (D:1)
28 creatures vanquished.

Grand Total: 232 creatures vanquished

Notes
Turn   | Place    | Note
-------+----------+-------------------------------------------
     0 | D:1      | cdecastro the Hill Orc Fighter began the quest for the Orb.
     0 | D:1      | Reached XP level 1. HP: 19/19 MP: 1/1
    13 | D:1      | Reached skill level 3 in Axes
    54 | D:1      | Reached XP level 2. HP: 25/26 MP: 2/2
   147 | D:1      | Reached skill level 4 in Axes
   456 | D:1      | Found a faded altar of an unknown god.
   724 | D:1      | Reached XP level 3. HP: 31/31 MP: 3/3
   976 | D:2      | Reached skill level 5 in Axes
  1671 | D:2      | You fall into a shaft and drop 1 floor!
  1712 | D:3      | Reached XP level 4. HP: 27/39 MP: 4/4
  1713 | D:3      | Reached skill level 6 in Axes
  1724 | D:3      | Reached XP level 5. HP: 30/45 MP: 5/5
  2285 | D:3      | Reached skill level 7 in Axes
  2317 | D:3      | Found a sparkling altar of Nemelex Xobeh.
  2325 | D:3      | Became a worshipper of Nemelex Xobeh the Trickster
  2471 | D:3      | Noticed Ijyb
  2491 | D:3      | Killed Ijyb
  2667 | D:4      | Reached skill level 8 in Axes
  2667 | D:4      | Reached XP level 6. HP: 42/51 MP: 6/6
  2787 | D:4      | Found a blossoming altar of Fedhas.
  2933 | D:4      | Reached * piety under Nemelex Xobeh
  3438 | D:4      | Reached skill level 9 in Axes
  3711 | D:4      | Reached XP level 7. HP: 56/57 MP: 7/7
  3721 | D:4      | Reached skill level 10 in Axes
  3848 | D:5      | Entered Level 5 of the Dungeon
  3914 | D:5      | Reached skill level 5 in Fighting
  3939 | D:5      | Found a basalt altar of Yredelemnul.
  3990 | D:5      | Reached XP level 8. HP: 25/73 MP: 8/8
  4244 | D:5      | Found a burning altar of Makhleb.
  4247 | D:5      | Noticed a balrug
  4428 | D:5      | Received a gift from Nemelex Xobeh
  4536 | D:5      | Found a white marble altar of Elyvilon.
  4793 | D:5      | Found an ornate altar of the Wu Jian Council.
  4903 | D:5      | Found Seimop's Distillery.
  4909 | D:5      | Bought a potion of heal wounds for 65 gold pieces
  4909 | D:5      | Bought a potion of curing for 39 gold pieces
  4909 | D:5      | Bought a potion of invisibility for 104 gold pieces
  4981 | D:5      | Reached ** piety under Nemelex Xobeh
  5141 | D:5      | Found a bloodstained altar of Trog.
  5150 | D:5      | Found a stormy altar of Qazlal.
  5548 | D:6      | Found Refula's Self-Improvement Boutique.
  5608 | D:6      | Reached skill level 10 in Fighting
  6271 | D:7      | Reached XP level 9. HP: 85/85 MP: 11/11
  6319 | D:7      | Noticed Menkaure
  6328 | D:7      | Killed Menkaure
  6331 | D:7      | Reached skill level 5 in Invocations
  6641 | D:7      | Found a staircase to the Ecumenical Temple.
  6652 | Temple   | Entered the Ecumenical Temple
  6932 | D:7      | Reached skill level 11 in Axes
  6967 | D:7      | Found a shimmering blue altar of Sif Muna.
  6997 | D:7      | Reached *** piety under Nemelex Xobeh
  7188 | D:7      | Reached skill level 12 in Axes
  8446 | D:8      | Got the Atlas of Floating Snow
  8585 | D:8      | Reached skill level 13 in Axes
  9045 | D:8      | Received a gift from Nemelex Xobeh
  9356 | D:9      | Reached skill level 14 in Axes
  9356 | D:9      | Reached XP level 10. HP: 70/93 MP: 13/13
  9450 | D:9      | Noticed Erolcha
  9497 | D:9      | Noticed Joseph
  9540 | D:9      | Killed Joseph
  9888 | D:10     | Entered Level 10 of the Dungeon
 10018 | D:10     | Reached skill level 15 in Axes
 10112 | D:10     | Noticed a four-headed hydra
 10120 | D:10     | Noticed a quicksilver ooze
 10120 | D:10     | a four-headed hydra changed into a quicksilver ooze
 10128 | D:10     | Killed a quicksilver ooze
 10129 | D:10     | Reached skill level 16 in Axes
 10318 | D:10     | Noticed Urug
 10335 | D:10     | Reached skill level 5 in Armour
 10338 | D:10     | HP: 3/93 [Urug/+2 vampiric demon trident (12)]
 10340 | D:10     | Slain by Urug

Illustrated notes

Levels and vault maps discovered:
D:1:      amcnicky_arrival_blooded_trapdoor, layout_rooms,
          shapermc_ecumenical_altar_flowoftime
D:2:      layout_loops_ring, uniq_crazy_yiuf_cottage
D:3:      minmay_inner_zag, layout_rooms, old_standard_altar, uniq_ijyb
D:4:      layout_basic, fedhas_altar_decomposition
D:5:      layout_loops_ring, makhleb_altar_promises_db, old_standard_altar,
          mainiacjoe_overflow_swirl, grunt_temple_overflow_open, serial_shops,
          nicolae_shop_trees, chequers_serial_rivers_micro_e,
          lexackson_kobold_supper
D:6:      layout_basic, chequers_avenue, nicolae_shop_self_help
D:7:      layout_layer_cave, nicolae_overflow_crystal_walls,
          minmay_temple_entry_stoned_glass, sigmund_army, uniq_menkaure
D:8:      layout_basic, minmay_misc_feat_cross
D:9:      layout_loops_corners, erik_lair_island, nicolae_blasting_shop,
          uniq_erolcha, uniq_gastronok, uniq_pikel, uniq_joseph
D:10:     layout_basic, mainiacjoe_overflow_alcove_1, enter_bailey_5,
          dk_noncrumbling_4, hellmonk_guarded_unrand_vines, uniq_urug
Temple:   nicolae_temple_ecumenical_triangle

Skill      XL: |  1  2  3  4  5  6  7  8  9 10 |
---------------+-------------------------------+-----
Axes           | 3 4 5 6 8 9 10 14 16 | 16.0
Fighting       | 7 10 | 10.0
Invocations    | 3 5 |  5.0
Armour         | 5 |  5.0
Shields        | |  3.2

Action                   |  1- 3 |  4- 6 |  7- 9 | 10-12 || total
-------------------------+-------+-------+-------+-------++-------
Melee: War axe           |   103 |   194 |   413 |    82 ||   792
       Punch             |       |     3 |     7 |       ||    10
Invok: Draw Destruction  |       |       |       |     2 ||     2
  Use: Potion            |       |       |       |     7 ||     7
 Stab: Invisible         |       |       |       |     3 ||     3
Armor: Scale mail        |    60 |    89 |    63 |       ||   212
       Chain mail        |       |       |    65 |    25 ||    90
Dodge: Dodged            |    48 |   111 |   119 |    56 ||   334
